 Dungeon Crawl Stone Soup version 0.25.1-9-gc5326a611f (webtiles) character file.

Game seed: 17748114956046139109

22 raceaflais the Charlatan (level 2, 0/21 HPs)
             Began as a Demonspawn Artificer on Dec 31, 2020.
             Slain by a hobgoblin
             ... wielding a +0 club
              (4 damage)
             ... on level 1 of the Dungeon on Jan 4, 2021.
             The game lasted 00:05:44 (1268 turns).

raceaflais the Charlatan (Demonspawn Artificer)     Turns: 1268, Time: 00:05:44

Health: 0/21       AC:  3    Str: 12    XL:     2   Next: 68%
Magic:  4/4        EV: 12    Int: 12    God:
Gold:   34         SH:  0    Dex: 13    Spells: 1/1 levels left

rFire    + . .     SeeInvis .   l - +0 dagger (pain)
rCold    . . .     Gourm    .   (no shield)
rNeg     . . .     Faith    .   b - +0 leather armour
rPois    .         Spirit   .   (no helmet)
rElec    .         Reflect  .   (no cloak)
rCorr    +         Harm     .   (no gloves)
MR       .....                  (no boots)
Stlth    +.........             (no amulet)
HPRegen  0.07/turn              m - ring of resist corrosion
MPRegen  0.09/turn              (no ring)

@: no status effects
A: fire resistance 1
a: no special abilities


You were on level 1 of the Dungeon.
You were not hungry.

You visited 1 branch of the dungeon, and saw 1 of its levels.

You collected 34 gold pieces.

Inventory:

Hand Weapons
 a - a +0 short sword
 l - a +0 dagger of pain (weapon)
Missiles
 k - 15 poisoned darts (quivered)
Armour
 b - a +0 leather armour (worn)
Jewellery
 h - an uncursed amulet of reflection {unknown}
 m - a ring of resist corrosion (left hand)
Wands
 c - a wand of flame (15)
 d - a wand of enslavement (12)
 e - a wand of random effects (13)
Scrolls
 i - a scroll of magic mapping
 n - 2 scrolls of blinking
Potions
 g - a potion of curing
 j - a potion of lignification
Comestibles
 f - 2 rations


   Skills:
 + Level 1.1 Fighting
 + Level 1.2 Short Blades
 + Level 0.4 Armour
 + Level 2.1 Dodging
 + Level 1.0 Stealth
 + Level 3.4 Evocations


You had one spell level left.
You didn't know any spells.
Your spell library was empty.

Dungeon Overview and Level Annotations

Branches:
Dungeon (1/15)

Altars:


Innate Abilities, Weirdness & Mutations

Your flesh is heat resistant. (rF+)


Message History

You are too injured to fight recklessly!
You are too injured to fight recklessly!
You are too injured to fight recklessly!
You are too injured to fight recklessly!
You are too injured to fight recklessly!
You are too injured to fight recklessly!
You hit the hobgoblin but do no damage.
The hobgoblin is lightly wounded.
The hobgoblin closely misses you.
You hit the hobgoblin but do no damage.
The hobgoblin is lightly wounded.
The hobgoblin hits you with a +0 club.
You completely miss the hobgoblin.
The hobgoblin is lightly wounded.
The hobgoblin hits you with a +0 club.
* * * LOW HITPOINT WARNING * * *
You barely miss the hobgoblin.
The hobgoblin is lightly wounded.
The hobgoblin hits you with a +0 club.
You die...

#............#
#####..###.##.#.##
#...........#.#.#
#.###..###..#^#.##
*#######.###..###........
*.......#..............##
*,*****#.###..###.##.####
*,* #.# #..# #.#...###
*,* #@# #..# #......##
*,* #g# #..###.......#
*,* ###.# #.....#......#
*,* #...# #.###.##...#.#
*,* #.### #.# #.###.##.#
#.####.#####.# #.###.....
#............# #.[.......
######.#########.........
#.########.......#.#


You could see a hobgoblin.

Vanquished Creatures
  2 dart slugs (D:1)
  2 leopard geckos (D:1)
  A giant cockroach (D:1)
  2 goblins (D:1)
  A hobgoblin (D:1)
  2 kobolds (D:1)
  2 bats (D:1)
  A frilled lizard (D:1)
  3 rats (D:1)
16 creatures vanquished.

Vanquished Creatures (collateral kills)
  A goblin (D:1)
1 creature vanquished.

Grand Total: 17 creatures vanquished

Notes
Turn   | Place    | Note
-------+----------+-------------------------------------------
     0 | D:1      | raceaflais the Demonspawn Artificer began the quest for the
                  | Orb.
     0 | D:1      | Reached XP level 1. HP: 15/15 MP: 3/3
   456 | D:1      | Reached skill level 1 in Short Blades
   456 | D:1      | Gained mutation: Your flesh is heat resistant. (rF+)
                  | [demonic ancestry]
   456 | D:1      | Reached XP level 2. HP: 17/21 MP: 4/4
   904 | D:1      | Reached skill level 1 in Stealth
  1268 | D:1      | Slain by a hobgoblin

Illustrated notes

Levels and vault maps discovered:
D:1:      dpeg_arrival_solitude, layout_loops_ring

Skill      XL: |  1  2 |
---------------+-------+-----
Short Blades   | 1 |  1.2
Dodging        | 2 |  2.1
Stealth        | 1 |  1.0
Fighting       | |  1.1
Armour         | |  0.4
Evocations     | |  3.4

Action                   || total
-------------------------++-------
Melee: Short sword       ||    64
       Dagger            ||    47
Evoke: Wand              ||     5
  Use: Scroll            ||     7
       Potion            ||     4
  Eat: Ration            ||     1
Armor: Leather armour    ||    32
       Skin              ||     2
Dodge: Dodged            ||    79
